 Dungeon Crawl Stone Soup version 0.24-a0-412-ge138f7edaf (webtiles) character file.

Game seed: 11924295094060333866

826945 gruber the Victor of a Thousand Battles (level 27, -3/158 HPs)
             Began as a Gnoll Gladiator on May 14, 2019.
             Was the Champion of Okawaru.
             Killed from afar by a Hell Sentinel (48 damage)
             ... with damnation
             ... in Pandemonium on June 6, 2019.
             The game lasted 04:15:14 (78961 turns).

gruber the Victor of a Thousand Battles (GnGl)     Turns: 78961, Time: 04:15:15

Health: -3/158     AC: 48    Str: 15      XL:     27
Magic:  34/47      EV: 22    Int: 16 (20) God:    Okawaru [******]
Gold:   8717       SH: 37    Dex: 21 (22) Spells: 31/66 levels left

rFire    + + .     SeeInvis +   Q - +9 demon trident (vamp)
rCold    + . .     Gourm    .   S - +8 large shield {rC+ rF+}
rNeg     . . .     Faith    .   r - +8 orange crystal plate armour {Archmagi, Int+3 Clar}
rPois    .         Spirit   .   (helmet restricted)
rElec    +         Reflect  +   c - +2 cloak "Kiurph" {*Contam Regen+ Slay+2 SInv}
rCorr    .         Harm     .   B - +1 pair of gloves "Copuen" {rElec rF+ Stlth+}
MR       ++++.     Clarity  +   G - +2 pair of boots Stlth +++.......Rnd*Tele +
                                j - +5 amulet of reflection
HPRegen  1.76/turn              I - ring of the Mage {Wiz MR++ Int+3}
MPRegen  0.30/turn              e - ring of Phasing {EV+8}

@: heroism, aura of abjuration, regenerating, studying 3 skills, drained,
deflect missiles
A: distributed training, antennae 1, fangs 1, agile 1, berserk 2, [deterioration
2], [dopey 2], frail 2[+1], screaming 1, teleportitis 1, weak 1[+1], subdued
magic 2, strong nose
}: 5/15 runes: decaying, serpentine, silver, abyssal, fiery
a: Heroism, Finesse, Renounce Religion


You were in Pandemonium.
You worshipped Okawaru.
Okawaru was exalted by your worship.
You were very hungry.

You visited 13 branches of the dungeon, and saw 55 of its levels.
You visited Pandemonium 1 time, and saw 5 of its levels.
You visited the Abyss 2 times.
You also visited: Ossuary, Ice Cave and Wizlab.

You collected 10963 gold pieces.
You spent 2246 gold pieces at shops.

Inventory:

Hand Weapons
 g - the +6 sword of Cerebov {flame}
   (You took it off Cerebov in Pandemonium)

   It has been specially enchanted to burn those struck by it, causing extra
   injury to most foes and up to half again as much damage against particularly
   susceptible opponents.
   Big, fiery blades are also staple armaments of hydra-hunters.
 Q - a +9 vampiric demon trident (weapon)
Missiles
 d - 9 throwing nets
 J - 20 silver javelins (quivered)
Armour
 b - the +5 crystal plate armour of Vyazilup {MR++ Slay+5}
   (Okawaru gifted it to you on level 3 of the Depths)

   It affects your accuracy and damage with ranged weapons and melee attacks
   (+5).
   It affects your resistance to hostile enchantments.
 c - the +2 cloak "Kiurph" (worn) {*Contam Regen+ Slay+2 SInv}
   (You found it in a wizard's laboratory)

   It affects your accuracy and damage with ranged weapons and melee attacks
   (+2).
   It lets you see invisible.
   It causes magical contamination when unequipped.
   It increases your rate of regeneration.
 i - +0 gold dragon scales
 r - the +8 orange crystal plate armour (worn) {Archmagi, Int+3 Clar}
   (You acquired it on level 4 of the Depths)

   It affects your intelligence (+3).
   It protects you against confusion.
 B - the +1 pair of gloves "Copuen" (worn) {rElec rF+ Stlth+}
   (Okawaru gifted it to you on level 12 of the Dungeon)

   It protects you from fire.
   It insulates you from electricity.
   It makes you more stealthy.
 D - a +0 helmet of intelligence
 G - a +2 pair of boots (worn)
 S - a +8 large shield of resistance (worn)
Jewellery
 e - the ring of Phasing (right hand) {EV+8}
   (You found it on level 6 of the Lair of Beasts)

   [ring of evasion]

   It affects your evasion (+8).
 j - a +5 amulet of reflection (around neck)
 I - the ring of the Mage (left hand) {Wiz MR++ Int+3}
   (You found it on level 1 of the Realm of Zot)

   [ring of wizardry]

   It improves your spell success rate.
   It affects your intelligence (+3).
   It affects your resistance to hostile enchantments.
 P - the ring "Irphyusch" {rElec rF+++ Dex+6 Slay-4}
   (You took it off a balrug in Pandemonium)

   [ring of dexterity]

   It affects your dexterity (+6).
   It affects your accuracy and damage with ranged weapons and melee attacks
   (-4).
   It renders you almost immune to fire.
   It insulates you from electricity.
Wands
 n - a wand of clouds (7)
 w - a wand of acid (23)
 x - a wand of digging (23)
 C - a wand of scattershot (7)
 T - a wand of iceblast (51)
 U - a wand of paralysis (55)
Scrolls
 h - 3 scrolls of holy word
 l - 14 scrolls of magic mapping
 m - 4 scrolls of blinking
 o - 25 scrolls of teleportation
 u - 12 scrolls of amnesia
 v - 7 scrolls of fog
 E - 32 scrolls of remove curse
 F - 21 scrolls of identify
 O - 5 scrolls of enchant armour
 Y - 5 scrolls of fear
Potions
 k - 6 potions of brilliance
 t - 15 potions of haste
 z - 3 potions of invisibility
 A - 2 potions of cancellation
 H - 8 potions of magic
 K - 6 potions of ambrosia
 L - 20 potions of flight
 M - 5 potions of might
 N - 5 potions of resistance
 V - 12 potions of curing
 W - 9 potions of agility
 X - 10 potions of heal wounds
Books
 a - a manual of Polearms
 p - a manual of Bows
 R - a manual of Fighting
 Z - a manual of Polearms
Miscellaneous
 q - the horn of Geryon
 s - a lamp of fire
 y - a phantom mirror
Comestibles
 f - 69 rations


   Skills:
 + Level 20.8(24.7) Fighting
 + Level 20.0(23.9) Short Blades
 + Level 20.0(23.9) Long Blades
 + Level 20.0(23.9) Axes
 + Level 20.0(23.9) Maces & Flails
 + Level 21.1(25.0) Polearms
 + Level 20.0(23.9) Staves
 + Level 20.0(23.9) Slings
 + Level 20.5(24.4) Bows
 + Level 20.0(23.9) Crossbows
 + Level 20.4(24.3) Throwing
 + Level 20.0(23.9) Armour
 + Level 20.7(24.6) Dodging
 + Level 20.0(23.9) Stealth
 + Level 20.0(23.9) Shields
 + Level 20.0(23.9) Unarmed Combat
 + Level 20.0(19.0) Spellcasting
 + Level 17.3(16.4) Conjurations
 + Level 17.3(16.4) Hexes
 + Level 17.3(16.4) Charms
 + Level 17.3(16.4) Summonings
 + Level 17.3(16.4) Necromancy
 + Level 17.3(16.4) Translocations
 + Level 17.3(16.4) Transmutations
 + Level 17.3(16.4) Fire Magic
 + Level 17.3(16.4) Ice Magic
 + Level 17.3(16.4) Air Magic
 + Level 17.3(16.4) Earth Magic
 + Level 17.3(16.4) Poison Magic
 + Level 21.5(20.5) Invocations
 + Level 20.0(19.0) Evocations


You had 31 spell levels left.
You knew the following spells:

 Your Spells              Type           Power        Failure   Level  Hunger
a - Summon Butterflies    Summ           ######..     1%          1    None
b - Call Canine Familiar  Summ           ######..     1%          3    None
c - Deflect Missiles      Chrm/Air       ######....   8%          6    #####..
d - Silence               Hex/Air        ######....   1%          5    ###....
e - Blink                 Tloc           N/A          1%          2    None
f - Apportation           Tloc           ######       1%          1    None
g - Spectral Weapon       Hex/Chrm       ######..     1%          3    None
h - Regeneration          Chrm/Necr      ######....   1%          3    None
i - Aura of Abjuration    Summ           ######....   1%          5    ###....
j - Freezing Cloud        Conj/Ice/Air   ######....   8%          6    #####..

Your spell library contained the following spells:

 Spells                   Type           Power        Failure   Level  Hunger
 Animate Skeleton         Necr           N/A          1%          1    None
 Beastly Appendage        Tmut           ######       1%          1    None
 Confusing Touch          Hex            ######       1%          1    None
 Corona                   Hex            ######.      1%          1    None
 Flame Tongue             Conj/Fire      #####        1%          1    None
 Freeze                   Ice            ####         1%          1    None
 Infusion                 Chrm           ####         1%          1    None
 Magic Dart               Conj           ####         1%          1    None
 Pain                     Necr           ####         1%          1    None
 Sandblast                Erth           ######       1%          1    None
 Shock                    Conj/Air       ####         1%          1    None
 Sting                    Conj/Pois      ####         1%          1    None
 Summon Small Mammal      Summ           ####         1%          1    None
 Call Imp                 Summ           ######..     1%          2    None
 Corpse Rot               Necr           N/A          1%          2    None
 Passwall                 Tmut/Erth      ######..     1%          2    None
 Poisonous Vapours        Pois/Air       ######       1%          2    None
 Shroud of Golubria       Chrm/Tloc      ######       1%          2    None
 Slow                     Hex            ######..     1%          2    None
 Song of Slaying          Chrm           ######..     1%          2    None
 Sticks to Snakes         Tmut           ######..     1%          2    None
 Sublimation of Blood     Necr           ######....   1%          2    None
 Swiftness                Chrm/Air       ######..     1%          2    None
 Throw Flame              Conj/Fire      ######       1%          2    None
 Throw Frost              Conj/Ice       ######       1%          2    None
 Conjure Flame            Conj/Fire      ######..     1%          3    None
 Gell's Gravitas          Tloc           ######....   1%          3    None
 Ignite Poison            Fire/Tmut/Pois ######..     1%          3    None
 Inner Flame              Hex/Fire       ######..     1%          3    None
 Mephitic Cloud           Conj/Pois/Air  ######..     1%          3    None
 Ozocubu's Armour         Chrm/Ice       ######..     1%          3    None
 Portal Projectile        Hex/Tloc       ######       1%          3    None
 Recall                   Summ/Tloc      N/A          1%          3    None
 Spider Form              Tmut/Pois      ######....   1%          3    None
 Static Discharge         Conj/Air       ######..     1%          3    None
 Stone Arrow              Conj/Erth      ######       1%          3    None
 Summon Guardian Golem    Hex/Summ       ######..     1%          3    None
 Airstrike                Air            ######....   1%          4    None
 Cause Fear               Hex            ######....   1%          4    None
 Force Lance              Conj/Tloc      ######..     1%          4    None
 Ice Form                 Ice/Tmut       ######..     1%          4    None
 Leda's Liquefaction      Hex/Erth       ######....   1%          4    None
 Olgreb's Toxic Radiance  Pois           ######..     1%          4    None
 Passage of Golubria      Tloc           N/A          1%          4    None
 Petrify                  Tmut/Erth      ######..     1%          4    None
 Sticky Flame             Conj/Fire      ######..     1%          4    None
 Summon Ice Beast         Ice/Summ       ######..     1%          4    None
 Summon Lightning Spire   Summ/Air       ######..     1%          4    None
 Throw Icicle             Conj/Ice       ######..     1%          4    None
 Agony                    Necr           ######..     1%          5    ###....
 Alistair's Intoxication  Tmut/Pois      ######..     1%          5    ###....
 Blade Hands              Tmut           ######....   1%          5    ###....
 Bolt of Draining         Conj/Necr      ######....   1%          5    ###....
 Bolt of Magma            Conj/Fire/Erth ######....   1%          5    ###....
 Dispel Undead            Necr           ######..     1%          5    ###....
 Excruciating Wounds      Chrm/Necr      ######....   1%          5    ###....
 Fireball                 Conj/Fire      ######....   1%          5    ###....
 Irradiate                Conj/Tmut      ######....   1%          5    ###....
 Iskenderun's Battlesphe  Conj/Chrm      ######..     1%          5    ###....
 Lee's Rapid Deconstruct  Erth           ######....   1%          5    ###....
 Lightning Bolt           Conj/Air       ######....   1%          5    ###....
 Metabolic Englaciation   Hex/Ice        ######....   1%          5    ###....
 Summon Demon             Summ           ######....   1%          5    ###....
 Summon Forest            Summ/Tloc      ######....   1%          5    ###....
 Summon Mana Viper        Hex/Summ       ######..     1%          5    ###....
 Venom Bolt               Conj/Pois      ######....   1%          5    ###....
 Yara's Violent Unravell  Hex/Tmut       ######....   1%          5    ###....
 Bolt of Cold             Conj/Ice       ######....   8%          6    #####..
 Conjure Ball Lightning   Conj/Air       ######....   8%          6    #####..
 Death Channel            Necr           ######....   8%          6    #####..
 Dispersal                Tloc           ######....   8%          6    #####..
 Iron Shot                Conj/Erth      ######....   8%          6    #####..
 Ozocubu's Refrigeration  Ice            ######....   8%          6    #####..
 Shadow Creatures         Summ           N/A          8%          6    #####..
 Simulacrum               Ice/Necr       ######....   8%          6    #####..
 Statue Form              Tmut/Erth      ######...    8%          6    #####..
 Dragon Form              Tmut           ######....   41%         7    ######.
 Haunt                    Necr/Summ      ######....   41%         7    ######.
 Malign Gateway           Summ/Tloc      ######....   41%         7    ######.
 Orb of Destruction       Conj           ######....   41%         7    ######.
 Ring of Flames           Chrm/Fire      ######....   41%         7    ######.
 Spellforged Servitor     Conj/Summ      ######....   41%         7    ######.
 Summon Hydra             Summ           ######....   41%         7    ######.
 Borgnjor's Revivificati  Necr           ######....   98%         8    #######
 Death's Door             Chrm/Necr      ######....   98%         8    #######
 Discord                  Hex            ######....   98%         8    #######
 Ignition                 Fire           ######....   98%         8    #######
 Infestation              Necr           ######....   98%         8    #######
 Necromutation            Tmut/Necr      ######....   98%         8    #######
 Shatter                  Erth           ######....   100%        9    #######
 Tornado                  Air            ######....   100%        9    #######


Dungeon Overview and Level Annotations

Branches:
Dungeon (15/15)            Temple (1/1) D:6            Lair (6/6) D:10
  Swamp (4/4) Lair:4        Snake (4/4) Lair:3        Slime (0/5) Lair:5
    Orc (2/2) D:11            Elf (3/3) Orc:2        Vaults (5/5) D:13
  Crypt (3/3) Vaults:3       Tomb (0/3) Crypt:3      Depths (5/5) D:15
   Hell (1/1)                 Dis (0/7) Hell            Geh (0/7) Hell
    Coc (0/7) Hell            Tar (2/7) Hell            Zot (4/5) Depths:5

Altars:
Ashenzari
Cheibriados
Dithmenos
Elyvilon
Fedhas
Gozag
Hepliaklqana
Kikubaaqudgha
Makhleb
Nemelex Xobeh
Okawaru
Qazlal
Ru
Sif Muna
Trog
Uskayaw
Vehumet
Wu Jian
Xom
Yredelemnul
Zin
The Shining One
Beogh
Jiyva
Lugonu

Shops:
D:5 :   Orc:2 *(:[   Elf:2 :?((   Elf:3 ?   Snake:2 }==   Snake:4 !
Vaults:1 *[   Vaults:3 (

Portals:
Hell: Depths:1 Depths:2 Depths:3 Depths:4 Depths:5
Abyss: Depths:1 Depths:4 Depths:5
Pandemonium: Depths:1 Depths:3
Ziggurat: Depths:5

Annotations:
Depths:3 exclusion: 2 orange crystal statues


Innate Abilities, Weirdness & Mutations

Your experience applies equally to all skills.
You have very sharp teeth.
Your uncanny sense of smell can sniff out nearby items.
You have a pair of small antennae on your head.
You are agile. (Dex +2)
You often lose your temper in combat.
You occasionally shout uncontrollably at your foes.
You are occasionally teleported next to monsters.
Your spells are easier to cast, but less powerful.
[Your body often deteriorates upon taking damage.]
[You are very dopey. (Int -4)]
[You are extremely frail. (-30% HP)]
[You are very weak. (Str -4)]


Message History

Casting: Spectral Weapon (safe; 1% risk of failure)
Confirm with . or Enter, or press ? or * to list all spells.
You feel a surge of power!
You begin to abjure the creatures around you!
The tormentor shudders.
The sixfirhy shudders.
The ufetubus disappears in a puff of smoke!
The ynoxinul disappears in a puff of smoke!
The ufetubus disappears in a puff of smoke!
The ynoxinul disappears in a puff of smoke!
The ufetubus disappears in a puff of smoke!
The sun demon disappears in a puff of smoke!
The deep elf sorcerer disappears in a puff of smoke!
The deep elf high priest disappears in a puff of smoke!
The golden dragon disappears in a puff of smoke! x2
The moth of wrath disappears in a puff of smoke!
The gelid corrupter utters an invocation to Lugonu.
You feel frail. The Hell Sentinel gestures at you.
The sphere of damnation explodes!
The damnation engulfs you!!!
You die...

.## ####...
#........!
#........#
#........#
#........##
#.########.........∩
#....(@132§§.......#
########2§§.........
#s.6§§.....#.
#.5§§§.......
#............
#...§........
#........:...
#...........#
#..........##


You could see a Hell Sentinel, a gelid corrupter, a shadow demon, a sixfirhy, a
tormentor and a friendly spectral +9 vampiric demon trident.

Vanquished Creatures
  Cerebov (Pan)
  4 orbs of fire
  A juggernaut (Abyss:3)
  3 ancient liches
  4 pandemonium lords (Pan)
  Frederick (Depths:5)
  A shard shrike (Zot:1)
  Bai Suzhen (Swamp:4)
  Vashnia (Snake:4)
  Geryon (Hell)
  3 curse toes
  Nikola (Depths:2)
  10 golden dragons
  Jory (Depths:3)
  3 Tzitzimimeh
  6 bone dragons
  A doom hound (Tar:1)
  An electric golem (Zot:2)
  3 Brimstone Fiends (Pan)
  Jorgrun (Snake:2)
  An Ice Fiend (Pan)
  11 liches
  The ghost of Moutitz the Tortoise, an adept MiFi of the Shining One (Vaults:1)
  13 tentacled monstrosities
  7 quicksilver dragons
  6 titans
  3 deep elf blademasters
  A deep elf master archer (Elf:3)
  10 Executioners (Pan)
  8 death cobs
  An eldritch tentacle (WizLab)
  Kirke (Swamp:4)
  3 tentacled starspawn
  9 tengu reavers
  9 draconian monks
  7 ancient champions
  6 sphinxes
  14 shadow dragons
  The ghost of Jaofaitz the Tortoise, an adept FoAK of Lugonu (Depths:5)
  18 storm dragons
  9 nagarajas
  The ghost of Galewind the Warrior, an adept DEEE of Vehumet (Elf:1)
  8 deep elf sorcerers
  8 draconian knights
  3 revenants
  An iron dragon (Depths:2)
  11 frost giants
  9 draconian scorchers
  Aizul (Snake:2)
  3 warmongers (Pan)
  2 ghost moths
  6 fire giants
  2 orc warlords
  19 vault wardens
  7 black suns (Pan)
  9 draconian shifters
  19 balrugs
  10 cacodemons (Pan)
  11 ironheart preservers
  2 angels
  2 spriggan defenders
  7 deep elf elementalists
  12 draconian annihilators
  8 draconian stormcallers
  14 reapers
  3 war gargoyles
  A juggernaut skeleton (Depths:4)
  2 ophanim (Abyss:3)
  A curse skull (Crypt:1)
  2 blood saints (Pan)
  36 very ugly things
  8 ghouls
  28 stone giants
  15 green draconians
  5 corrupters (Pan)
  14 red draconians
  3 vampire knights
  8 deep elf demonologists
  18 black draconians
  6 white draconians
  8 deep elf annihilators
  4 lorocyprocas
  8 spark wasps
  20 purple draconians
  12 yellow draconians
  Snorg (D:13)
  9 ettins
  4 green deaths
  The ghost of SaintRoka the Blocker, a journeyman FoFi of Okawaru (D:12)
  13 deep elf death magi
  7 eidola
  A mummy priest (Crypt:3)
  29 jiangshi
  5 blizzard demons
  15 fire dragons
  8 yaktaur captains
  5 great orbs of eyes
  2 monstrous demonspawn (Pan)
  3 deep elf high priests
  A kraken zombie (Hell)
  7 ogre magi
  A quicksilver dragon skeleton (Crypt:1)
  12 hydras
  14 ice dragons
  38 vault guards
  3 rakshasas
  29 naga warriors
  5 spriggan air magi
  2 ghost crabs
  2 shambling mangroves (Swamp:4)
  3 catoblepae
  The ghost of pyroka the Fighter, a novice DrFE of Vehumet (D:9)
  7 anacondas
  9 centaur warriors
  5 death knights
  37 dancing weapons
  A titan zombie (Tar:1)
  30 two-headed ogres
  7 alligators
  6 deep troll shamans
  6 deep troll earth magi
  6 orc high priests
  9 vampire magi
  4 spriggan berserkers
  6 thrashing horrors
  5 death yaks (Lair:6)
  25 hell knights
  24 naga sharpshooters
  7 shock serpents
  48 sun demons
  2 iron golems (Hell)
  23 deep elf knights
  A storm dragon zombie (Crypt:3)
  8 soul eaters
  Nergalle (Orc:1)
  A titan skeleton (Tar:1)
  A wretched star (Abyss:3)
  9 shadow wraiths
  A salamander mystic (Snake:3)
  5 sixfirhies
  A spark wasp zombie (Hell)
  2 spatial maelstroms (Abyss:2)
  28 skeletal warriors
  A golden dragon zombie (Hell)
  8 swamp dragons
  3 torturous demonspawn (Pan)
  17 deep trolls
  6 infernal demonspawn (Pan)
  A sea snake (Snake:1)
  7 flayed ghosts
  A spriggan druid (Swamp:3)
  A spectral anaconda (Depths:3)
  9 shadow demons
  2 cherubim (Abyss:3)
  A lindwurm (shapeshifter) (Vaults:4)
  A kraken simulacrum (Hell)
  9 naga ritualists
  3 gelid demonspawn (Pan)
  6 glowing orange brains
  4 wizards
  5 unseen horrors
  An anaconda zombie (Crypt:3)
  2 obsidian statues
  12 ironbrand convokers
  4 harpies
  16 deep elf archers
  2 anaconda skeletons (Crypt:3)
  19 necromancers
  14 orc knights
  A golden dragon skeleton (Crypt:3)
  A spectral hydra (Depths:3)
  16 phantasmal warriors
  83 ugly things
  2 wolf spider zombies
  2 shadow dragon skeletons
  An iron dragon zombie (Crypt:1)
  A fire giant zombie (Tar:1)
  6 wolf spiders
  4 stone giant zombies
  67 deep elf magi
  10 mana vipers
  A worldbinder (WizLab)
  A wolf spider (shapeshifter) (Elf:1)
  6 orc sorcerers
  2 frost giant zombies
  6 cyclopes
  4 manticores
  7 salamanders
  A salamander (shapeshifter) (Vaults:4)
  2 human zombies
  25 moths of wrath
  4 fire giant skeletons
  10 guardian serpents
  9 rust devils (Hell)
  51 black mambas
  Maurice (Orc:1)
  3 ice statues
  A centaur zombie (D:13)
  12 vault sentinels
  29 orange demons
  A gargoyle (D:10)
  14 spiny frogs
  18 smoke demons
  2 molten gargoyles (Hell)
  24 naga magi
  6 centaur skeletons
  8 apocalypse crabs (Zot:1)
  8 demonic crawlers
  2 rime drakes (shapeshifter)
  15 komodo dragons
  10 efreet
  A storm dragon simulacrum (Vaults:2)
  2 hellions
  A yaktaur (shapeshifter) (Vaults:5)
  2 catoblepas zombies
  3 rime drakes
  4 starcursed masses (Abyss:2)
  32 yaktaurs
  An emperor scorpion zombie (Crypt:3)
  15 freezing wraiths
  A komodo dragon (shapeshifter) (Vaults:1)
  9 ice devils
  A swamp worm zombie (Crypt:1)
  4 tormentors
  A white draconian zombie (Crypt:2)
  4 hellwings (Pan)
  A demonspawn skeleton (WizLab)
  4 spectral merfolk (Depths:3)
  An anaconda simulacrum (Hell)
  8 guardian mummies (Crypt:3)
  4 human skeletons
  A queen bee (D:12)
  A grey draconian skeleton (Crypt:3)
  3 yaktaur skeletons
  4 ancient zymes
  26 red devils
  4 hydra zombies
  6 polar bears
  9 tyrant leeches
  6 tengu conjurers
  A queen ant zombie (Crypt:1)
  A queen bee (shapeshifter) (Vaults:3)
  5 trolls
  A harpy skeleton (Crypt:3)
  A wind drake (WizLab)
  25 hornets
  9 raiju
  A wolf spider simulacrum (D:15)
  A wind drake (shapeshifter) (Depths:1)
  2 meliai (D:12)
  2 blink frogs (shapeshifter)
  A stone giant simulacrum (Vaults:2)
  Prince Ribbit (D:8)
  31 blink frogs
  An iron dragon simulacrum (Vaults:5)
  24 large abominations
  A dream sheep (shapeshifter) (Vaults:4)
  7 dream sheep
  3 ettin zombies
  49 slime creatures
  3 fire dragon zombies
  11 bog bodies
  10 hippogriffs
  17 flying skulls
  2 fire dragon skeletons (Tar:1)
  4 air elementals
  7 shadows
  A tarantella (shapeshifter) (Elf:1)
  An alligator skeleton (Crypt:3)
  7 water elementals
  20 spriggans
  9 wyverns
  10 vampires
  A basilisk (Lair:2)
  10 fire elementals
  2 elf zombies
  5 hogs
  A human (shapeshifter) (Depths:2)
  A human (D:8)
  72 yaks
  A yak (shapeshifter) (D:15)
  22 wraiths
  24 ynoxinuls
  13 chaos spawn
  2 hungry ghosts
  A black mamba skeleton (Crypt:1)
  26 vampire mosquitoes
  8 neqoxecs
  A merfolk zombie (Crypt:2)
  A naga (shapeshifter) (Vaults:4)
  12 spatial vortices
  Menkaure (D:4)
  A soldier ant (D:10)
  14 swamp worms
  A water nymph zombie (Crypt:2)
  11 wargs
  14 insubstantial wisps
  39 water moccasins
  An ogre zombie (Vaults:1)
  78 nagas
  A warg (shapeshifter) (D:13)
  20 hell hounds
  3 spectral trolls (Depths:3)
  2 spiny frog zombies
  A water moccasin (shapeshifter) (Vaults:5)
  5 black bears
  3 hydra simulacra
  2 spectral spriggans (Depths:3)
  4 floating eyes
  10 porcupines
  A two-headed ogre skeleton (Crypt:2)
  8 swamp drakes
  7 ice beasts
  38 orc warriors
  3 phantoms
  6 sky beasts
  A black bear (shapeshifter) (Vaults:4)
  3 spiny frog skeletons
  An ettin simulacrum (Vaults:3)
  2 eyes of draining (shapeshifter)
  15 necrophages
  18 ogres
  10 boggarts
  A hog zombie (Crypt:3)
  3 orc zombies
  32 wolves
  12 centaurs
  An elephant skeleton (Crypt:2)
  A dream sheep skeleton (Crypt:1)
  13 crocodiles
  A big kobold (D:9)
  A fire crab zombie (Crypt:1)
  2 yaktaur zombies
  A gnoll sergeant (D:11)
  11 bullfrogs
  2 earth elementals (Elf:2)
  2 glowing shapeshifter simulacra
  A spiny frog simulacrum (Hell)
  2 wyvern zombies
  A water moccasin zombie (D:5)
  4 scorpions
  6 spriggan zombies
  A wyvern skeleton (D:13)
  16 killer bees
  11 small abominations
  7 spectral nagas (Depths:3)
  An elf simulacrum (Vaults:2)
  A polar bear skeleton (Crypt:1)
  36 wights
  5 electric eels
  A vampire bat (Lair:3)
  15 crimson imps
  2 howler monkeys
  A spectral centaur (Depths:3)
  A draconian simulacrum (IceCv)
  2 quasits
  5 human simulacra
  7 hounds
  5 jellies
  2 bullfrog skeletons
  33 orc priests
  4 iron imps
  Ijyb (D:2)
  A black bear skeleton (Crypt:1)
  2 iguanas
  17 orc wizards
  11 hell rats (Hell)
  8 worker ants
  4 troll simulacra (IceCv)
  An acid dragon zombie (Crypt:2)
  A tengu zombie (Crypt:3)
  3 centaur simulacra (IceCv)
  A sky beast zombie (Crypt:3)
  A big kobold skeleton (Crypt:3)
  A hound skeleton (D:8)
  2 mummies
  A worker ant zombie (D:11)
  10 gnolls
  A naga simulacrum (IceCv)
  24 adders
  An ogre simulacrum (IceCv)
  6 shadow imps
  14 white imps
  An ooze (D:2)
  5 worms
  6 dart slugs
  A leopard gecko (D:6)
  84 orcs
  3 ball pythons
  14 bats
  10 giant cockroaches
  8 hobgoblins
  6 jackals
  2 quokkas
  7 frilled lizards
  12 gnoll skeletons (Ossuary)
  16 goblins
  A jackal skeleton (D:5)
  11 kobolds
  5 kobold skeletons (Ossuary)
  A leopard gecko skeleton (D:5)
  8 orc skeletons (Ossuary)
  2 quokka zombies
  5 rats
  A lurking horror (WizLab)
  4 plants (Lair:3)
  A spectral weapon (Pan)
  4 starspawn tentacles
  3 tentacles (Hell)
3282 creatures vanquished.

Vanquished Creatures (collateral kills)
  A sun demon (Pan)
  An ironbrand convoker (Vaults:5)
  An orc knight (Vaults:4)
  An ugly thing (D:14)
  A naga mage (Snake:4)
  A spiny frog (Lair:6)
  A centaur skeleton (D:14)
  2 spriggans (Lair:6)
  A vampire (D:14)
  A ynoxinul (Pan)
  A wyvern (D:15)
  2 vampire mosquitoes
  A warg (Orc:2)
  A naga (Snake:4)
  2 orc warriors
  An eye of draining (D:14)
  An orc priest (Orc:2)
  6 orcs
26 creatures vanquished.

Vanquished Creatures (others)
  An ancient lich (Vaults:5)
  A deep elf master archer (Elf:3)
  A fire giant (Depths:4)
  A vault warden (Vaults:2)
  A draconian scorcher (Zot:1)
  A warmonger (Pan)
  A war gargoyle (Vaults:5)
  A draconian annihilator (Zot:1)
  A black sun (Pan)
  A yaktaur captain (Vaults:5)
  A deep elf knight (Elf:2)
  A shadow demon (Pan)
  A deep elf archer (Elf:2)
  A harpy (Vaults:5)
  2 deep elf magi
  An orange demon (Pan)
  2 yaktaurs (Depths:5)
  A water elemental (Hell)
  A naga (Snake:4)
  2 chaos spawn (Pan)
  A swamp worm (Swamp:3)
  A swamp drake (Swamp:1)
  2 wolves (Depths:3)
  A boggart (Depths:1)
  An orc priest (Vaults:5)
  2 hell rats (Hell)
  3 orcs
  28 fungi
  13 plants
  63 spectral weapons
  5 starspawn tentacles
  5 tentacles (Hell)
  5 toadstools (D:4)
153 creatures vanquished.

Grand Total: 3461 creatures vanquished

Notes
Turn   | Place    | Note
-------+----------+-------------------------------------------
     0 | D:1      | gruber the Gnoll Gladiator began the quest for the Orb.
     0 | D:1      | Reached XP level 1. HP: 20/20 MP: 1/1
    53 | D:1      | Reached XP level 2. HP: 20/26 MP: 2/2
   336 | D:1      | Reached XP level 3. HP: 31/31 MP: 3/3
   633 | D:1      | Reached skill level 1 in Invocations
   713 | D:2      | Reached skill level 1 in Short Blades
   713 | D:2      | Reached skill level 1 in Long Blades
   713 | D:2      | Reached skill level 1 in Axes
   713 | D:2      | Reached skill level 1 in Maces & Flails
   713 | D:2      | Reached skill level 1 in Staves
   713 | D:2      | Reached skill level 1 in Slings
   713 | D:2      | Reached skill level 1 in Bows
   713 | D:2      | Reached skill level 1 in Crossbows
   713 | D:2      | Reached skill level 1 in Armour
   713 | D:2      | Reached skill level 1 in Stealth
   713 | D:2      | Reached skill level 1 in Shields
   713 | D:2      | Reached skill level 1 in Unarmed Combat
   713 | D:2      | Reached skill level 1 in Spellcasting
   713 | D:2      | Reached skill level 1 in Evocations
   729 | D:2      | Reached XP level 4. HP: 38/38 MP: 5/5
  1095 | D:2      | Noticed Ijyb
  1122 | D:2      | Killed Ijyb
  1122 | D:2      | Reached skill level 1 in Conjurations
  1122 | D:2      | Reached skill level 1 in Hexes
  1122 | D:2      | Reached skill level 1 in Charms
  1122 | D:2      | Reached skill level 1 in Summonings
  1122 | D:2      | Reached skill level 1 in Necromancy
  1122 | D:2      | Reached skill level 1 in Translocations
  1122 | D:2      | Reached skill level 1 in Transmutations
  1122 | D:2      | Reached skill level 1 in Fire Magic
  1122 | D:2      | Reached skill level 1 in Ice Magic
  1122 | D:2      | Reached skill level 1 in Air Magic
  1122 | D:2      | Reached skill level 1 in Earth Magic
  1122 | D:2      | Reached skill level 1 in Poison Magic
  1128 | D:2      | Reached XP level 5. HP: 21/43 MP: 6/6
  2137 | D:3      | Reached XP level 6. HP: 38/50 MP: 8/8
  2568 | D:3      | Reached skill level 5 in Fighting
  2568 | D:3      | Reached skill level 5 in Throwing
  2682 | D:4      | Noticed Menkaure
  2877 | D:4      | Killed Menkaure
  2877 | D:4      | Reached XP level 7. HP: 29/56 MP: 10/10
  3199 | D:4      | Got a slimy leather armour
  3210 | D:4      | Identified the cursed +1 leather armour "Secy" {rF+ rC-
                  | Int+4} (You found it on level 4 of the Dungeon)
  3442 | D:5      | Entered Level 5 of the Dungeon
  4094 | D:5      | Found Xiqoofeff's Book Boutique.
  4332 | D:5      | Reached XP level 8. HP: 63/63 MP: 12/12
  4405 | D:6      | Found a shattered altar of Ashenzari.
  4655 | D:6      | Noticed a yak
  4656 | D:6      | Noticed a yak
  4656 | D:6      | Noticed a yak
  4658 | D:6      | Noticed a yak
  4658 | D:6      | Noticed a yak
  4660 | D:6      | Noticed a yak
  4674 | D:6      | Noticed a guardian serpent
  4674 | D:6      | a yak changed into a guardian serpent
  4675 | D:6      | a guardian serpent changed into something unseen
  4684 | D:6      | Killed an unseen horror
  4694 | D:5      | Killed a yak
  4694 | D:5      | Reached XP level 9. HP: 34/69 MP: 14/14
  5101 | D:6      | Found a staircase to the Ecumenical Temple.
  5118 | Temple   | Entered the Ecumenical Temple
  5335 | Temple   | Became a worshipper of Warmaster Okawaru
  5428 | D:6      | Reached * piety under Okawaru
  5935 | D:7      | Reached skill level 5 in Invocations
  5974 | D:7      | Found a sand-covered staircase.
  6012 | Ossuary  | Entered an ossuary
  6336 | D:7      | Reached XP level 10. HP: 77/77 MP: 17/17
  6935 | D:8      | Reached skill level 5 in Short Blades
  6935 | D:8      | Reached skill level 5 in Long Blades
  6935 | D:8      | Reached skill level 5 in Axes
  6935 | D:8      | Reached skill level 5 in Maces & Flails
  6935 | D:8      | Reached skill level 5 in Staves
  6935 | D:8      | Reached skill level 5 in Slings
  6935 | D:8      | Reached skill level 5 in Bows
  6935 | D:8      | Reached skill level 5 in Crossbows
  6935 | D:8      | Reached skill level 5 in Armour
  6935 | D:8      | Reached skill level 5 in Stealth
  6935 | D:8      | Reached skill level 5 in Shields
  6935 | D:8      | Reached skill level 5 in Unarmed Combat
  6935 | D:8      | Reached skill level 5 in Spellcasting
  6935 | D:8      | Reached skill level 5 in Evocations
  6939 | D:8      | Learned a level 1 spell: Summon Butterflies
  6943 | D:8      | Learned a level 3 spell: Call Canine Familiar
  7126 | D:8      | Noticed Prince Ribbit
  7141 | D:8      | Killed Prince Ribbit
  7239 | D:8      | Reached ** piety under Okawaru
  7672 | D:8      | Found an ancient bone altar of Kikubaaqudgha.
  7672 | D:8      | Found a shadowy altar of Dithmenos.
  7685 | D:8      | Found a sacrificial altar of Ru.
  7685 | D:8      | Found a burning altar of Makhleb.
  7688 | D:8      | Found a bloodstained altar of Trog.
  7688 | D:8      | Found a blossoming altar of Fedhas.
  7689 | D:8      | Found a basalt altar of Yredelemnul.
  7771 | D:8      | Reached *** piety under Okawaru
  7984 | D:9      | Reached XP level 11. HP: 77/84 MP: 19/19
  7990 | D:9      | Reached **** piety under Okawaru
  8014 | D:9      | Received a gift from Okawaru
  8265 | D:9      | Found a runed translucent gate.
  8269 | D:9      | Found a runed translucent gate.
  8270 | D:9      | Found a runed translucent gate.
  8400 | D:9      | Found an opulent altar of Gozag.
  8461 | D:9      | Noticed pyroka's ghost (novice DrFE)
  8464 | D:9      | Identified the +4 war axe "Acoggol" {speed, *Rage Int+5}
  8466 | D:9      | Found a roughly hewn altar of Beogh.
  8467 | D:9      | Identified the cursed +1 plate armour of the Fiddle {rElec
                  | SInv}
  8542 | D:10     | Entered Level 10 of the Dungeon
  8593 | D:10     | Received a gift from Okawaru
  8601 | D:10     | Reached skill level 5 in Conjurations
  8601 | D:10     | Reached skill level 5 in Hexes
  8601 | D:10     | Reached skill level 5 in Charms
  8601 | D:10     | Reached skill level 5 in Summonings
  8601 | D:10     | Reached skill level 5 in Necromancy
  8601 | D:10     | Reached skill level 5 in Translocations
  8601 | D:10     | Reached skill level 5 in Transmutations
  8601 | D:10     | Reached skill level 5 in Fire Magic
  8601 | D:10     | Reached skill level 5 in Ice Magic
  8601 | D:10     | Reached skill level 5 in Air Magic
  8601 | D:10     | Reached skill level 5 in Earth Magic
  8601 | D:10     | Reached skill level 5 in Poison Magic
  8791 | D:10     | Noticed a two-headed ogre
  8809 | D:10     | Killed a two-headed ogre
  8887 | D:10     | Noticed a centaur warrior
  8917 | D:10     | Killed a centaur warrior
  8917 | D:10     | Reached ***** piety under Okawaru
  8929 | D:10     | Received a gift from Okawaru
  9373 | D:10     | Received a gift from Okawaru
  9573 | D:10     | Found a staircase to the Lair.
  9641 | D:11     | Found a staircase to the Orcish Mines.
  9755 | D:11     | Found a stormy altar of Qazlal.
  9921 | D:11     | Reached XP level 12. HP: 93/93 MP: 22/22
 11259 | Lair:1   | Entered Level 1 of the Lair of Beasts
 11347 | Lair:1   | Received a gift from Okawaru
 11888 | Lair:1   | Found the +8 whip "Snakebite" {curare, rPois}
 12776 | Lair:2   | Reached ****** piety under Okawaru
 12776 | Lair:2   | Reached skill level 10 in Polearms
 12776 | Lair:2   | Reached skill level 10 in Dodging
 12816 | Lair:2   | Received a gift from Okawaru
 13318 | Lair:2   | Noticed an eight-headed hydra
 13345 | Lair:2   | Reached XP level 13. HP: 101/101 MP: 21/24
 13877 | Lair:3   | Found a staircase to the Snake Pit.
 14210 | Lair:3   | You fall through a shaft!
 14377 | Lair:4   | Found a staircase to the Swamp.
 14496 | Lair:4   | Received a gift from Okawaru
 14655 | Lair:4   | Received a gift from Okawaru
 14832 | Lair:4   | Received a gift from Okawaru
 15165 | Lair:4   | Learned a level 6 spell: Deflect Missiles
 15171 | Lair:4   | Learned a level 5 spell: Silence
 15174 | Lair:4   | Learned a level 2 spell: Blink
 16567 | Lair:5   | Received a gift from Okawaru
 16577 | Lair:5   | Reached XP level 14. HP: 60/109 MP: 26/26
 16755 | Lair:5   | Found a staircase to the Slime Pits.
 17003 | Lair:5   | Found a viscous altar of Jiyva.
 17214 | Lair:6   | Entered Level 6 of the Lair of Beasts
 17380 | Lair:5   | Reached skill level 10 in Fighting
 17380 | Lair:5   | Reached skill level 10 in Throwing
 17517 | Lair:6   | Received a gift from Okawaru
 17918 | Lair:6   | Reached skill level 10 in Invocations
 17966 | Lair:6   | Received a gift from Okawaru
 18427 | Lair:6   | Found the ring of Phasing {EV+8}
 19263 | D:12     | Found a transporter.
 19267 | D:12     | Found a transporter.
 19267 | D:12     | Noticed SaintRoka's ghost (journeyman FoFi)
 19310 | D:12     | Reached XP level 15. HP: 117/117 MP: 26/28
 19945 | D:13     | Noticed Snorg
 19957 | D:13     | Killed Snorg
 19982 | D:13     | Found a gate to the Vaults.
 20009 | D:13     | Received a gift from Okawaru
 20574 | D:9      | Killed pyroka's ghost
 20853 | D:14     | Received a gift from Okawaru
 20908 | D:14     | Reached skill level 10 in Short Blades
 20908 | D:14     | Reached skill level 10 in Long Blades
 20908 | D:14     | Reached skill level 10 in Axes
 20908 | D:14     | Reached skill level 10 in Maces & Flails
 20908 | D:14     | Reached skill level 10 in Staves
 20908 | D:14     | Reached skill level 10 in Slings
 20908 | D:14     | Reached skill level 10 in Bows
 20908 | D:14     | Reached skill level 10 in Crossbows
 20908 | D:14     | Reached skill level 10 in Armour
 20908 | D:14     | Reached skill level 10 in Stealth
 20908 | D:14     | Reached skill level 10 in Shields
 20908 | D:14     | Reached skill level 10 in Unarmed Combat
 20908 | D:14     | Reached skill level 10 in Spellcasting
 20908 | D:14     | Reached skill level 10 in Evocations
 20958 | D:14     | Received a gift from Okawaru
 21074 | D:14     | Received a gift from Okawaru
 21248 | D:14     | Received a gift from Okawaru
 21805 | D:14     | Learned a level 1 spell: Apportation
 22013 | D:15     | Entered Level 15 of the Dungeon
 22034 | D:15     | Received a gift from Okawaru
 22244 | D:15     | Received a gift from Okawaru
 22317 | D:15     | Identified 2 scrolls of acquirement
 22320 | D:15     | Got a steaming large shield
 22482 | D:15     | Reached XP level 16. HP: 102/125 MP: 30/30
 22598 | D:15     | Found a frozen archway.
 22627 | D:15     | Identified the -6 large shield of Zeuxzegu {rF+ Regen+
                  | Int+4 Dex-2} (You acquired it on level 15 of the Dungeon)
 22679 | IceCv    | Entered an ice cave
 22888 | IceCv    | Got a smoking cloak
 22894 | IceCv    | Identified the +2 cloak of the Engineer {+Blink rN+ rCorr
                  | Str-2} (You found it in an ice cave)
 22895 | IceCv    | Got an ancient fustibalus
 22899 | IceCv    | Identified the cursed +3 fustibalus of Fibluemp {speed,
                  | rElec rN++ Int+3} (You found it in an ice cave)
 23547 | D:15     | Found a staircase to the Depths.
 24018 | Orc:1    | Entered Level 1 of the Orcish Mines
 24034 | Orc:1    | Noticed Nergalle
 24178 | Orc:1    | Killed Nergalle
 24310 | Orc:2    | Entered Level 2 of the Orcish Mines
 24398 | Orc:2    | Found Saluetoo's Antique Weapon Shoppe.
 24415 | Orc:2    | Found Bievukh's Antique Armour Shoppe.
 24507 | Orc:1    | Received a gift from Okawaru
 24537 | Orc:1    | Noticed Maurice
 24547 | Orc:1    | Killed Maurice
 24752 | Orc:2    | Found Biapt's General Store.
 24878 | Orc:2    | Found Tiaropnue's Book Emporium.
 25216 | Orc:2    | Bought a brightly glowing cloak for 294 gold pieces
 25218 | Orc:2    | Identified the +1 cloak "Cenair" {rN+ Str+3} (You bought it
                  | in a shop on level 2 of the Orcish Mines)
 25477 | Orc:2    | Found a roughly hewn altar of Beogh.
 25566 | Orc:2    | Found a staircase to the Elven Halls.
 25836 | Snake:1  | Entered Level 1 of the Snake Pit
 26897 | Snake:2  | Noticed a nagaraja
 26912 | Snake:2  | Killed a nagaraja
 26912 | Snake:2  | Received a gift from Okawaru
 27015 | Snake:2  | Reached XP level 17. HP: 133/133 MP: 32/32
 27101 | Snake:2  | Found Niwaihaop's Gadget Shoppe.
 27101 | Snake:2  | Found Caopsad's Jewellery Shop.
 27102 | Snake:2  | Found Naniocef's Jewellery Shop.
 27315 | Snake:2  | Noticed Jorgrun
 27329 | Snake:2  | Killed Jorgrun
 27635 | Snake:2  | Noticed Aizul
 27658 | Snake:2  | Killed Aizul
 28624 | Snake:3  | Received a gift from Okawaru
 28824 | Snake:3  | Received a gift from Okawaru
 29291 | Snake:4  | Entered Level 4 of the Snake Pit
 29333 | Snake:4  | Received a gift from Okawaru
 29761 | Snake:4  | Reached skill level 10 in Conjurations
 29761 | Snake:4  | Reached skill level 10 in Hexes
 29761 | Snake:4  | Reached skill level 10 in Charms
 29761 | Snake:4  | Reached skill level 10 in Summonings
 29761 | Snake:4  | Reached skill level 10 in Necromancy
 29761 | Snake:4  | Reached skill level 10 in Translocations
 29761 | Snake:4  | Reached skill level 10 in Transmutations
 29761 | Snake:4  | Reached skill level 10 in Fire Magic
 29761 | Snake:4  | Reached skill level 10 in Ice Magic
 29761 | Snake:4  | Reached skill level 10 in Air Magic
 29761 | Snake:4  | Reached skill level 10 in Earth Magic
 29761 | Snake:4  | Reached skill level 10 in Poison Magic
 29792 | Snake:4  | Received a gift from Okawaru
 29803 | Snake:4  | Got a shimmering hunting sling {god gift}
 29807 | Snake:4  | Identified the +3 hunting sling of the Wasp {venom, rF+
                  | Str+3 Dex+2} (Okawaru gifted it to you on level 4 of the
                  | Snake Pit)
 29878 | Snake:4  | Reached XP level 18. HP: 141/141 MP: 33/33
 29905 | Snake:4  | Noticed Vashnia
 30020 | Snake:4  | Killed Vashnia
 30284 | Snake:4  | Received a gift from Okawaru
 30365 | Snake:4  | Received a gift from Okawaru
 30635 | Snake:4  | Found a hazy altar of Hepliaklqana.
 30808 | Snake:4  | Found Etewn's Distillery.
 30816 | Snake:4  | Bought a potion of berserk rage for 75 gold pieces
 30816 | Snake:4  | Bought a potion of heal wounds for 75 gold pieces
 30816 | Snake:4  | Bought a potion of haste for 150 gold pieces
 31923 | Snake:4  | Received a gift from Okawaru
 32116 | Snake:4  | Received a gift from Okawaru
 32121 | Snake:4  | Got a serpentine rune of Zot
 32357 | Vaults:1 | Entered Level 1 of the Vaults
 32398 | Vaults:1 | Reached XP level 19. HP: 149/149 MP: 35/35
 32521 | Vaults:1 | Received a gift from Okawaru
 33129 | Vaults:1 | Got a crude chain mail
 33206 | Vaults:1 | Received a gift from Okawaru
 33307 | Vaults:1 | Found a runed translucent gate.
 33307 | Vaults:1 | Found a runed translucent gate.
 33307 | Vaults:1 | Found a runed translucent gate.
 33309 | Vaults:1 | Found an opulent altar of Gozag.
 33310 | Vaults:1 | Found Mih Odghaoka's Assorted Antiques.
 33310 | Vaults:1 | Noticed Moutitz's ghost (adept MiFi)
 33648 | Vaults:1 | Received a gift from Okawaru
 33661 | Vaults:1 | Got a faintly glowing large shield {god gift}
 33672 | Vaults:1 | Identified the +3 large shield of Gravity {rC+ Int+2
                  | Stlth+} (Okawaru gifted it to you on level 1 of the Vaults)
 33693 | Vaults:1 | Found Puqoilic's Armour Shoppe.
 35188 | Vaults:2 | Reached XP level 20. HP: 157/157 MP: 36/36
 35834 | Vaults:3 | Received a gift from Okawaru
 35900 | Vaults:3 | Found a staircase to the Crypt.
 36006 | Vaults:3 | Identified the Volume of Transmutation
 36104 | Vaults:3 | Received a gift from Okawaru
 36159 | Vaults:3 | Got a pair of transparent gloves {god gift}
 36163 | Vaults:3 | Identified the -2 pair of gloves of Grace {Int+2} (Okawaru
                  | gifted it to you on level 3 of the Vaults)
 36303 | Vaults:3 | Found Weilety's Weapon Boutique.
 37748 | Vaults:4 | Got a crystal glaive
 37749 | Vaults:4 | Identified the +9 glaive "Eklinep" {chop, +Rage} (You found
                  | it on level 4 of the Vaults)
 37750 | Vaults:4 | Identified the +8 chain mail of Cloud Cover {*Contam rElec
                  | Str+4 Int+3} (You found it on level 1 of the Vaults)
 37907 | Vaults:4 | Received a gift from Okawaru
 37914 | Vaults:4 | Reached XP level 21. HP: 158/165 MP: 38/38
 38281 | Vaults:4 | Received a gift from Okawaru
 38661 | Vaults:4 | Got a dazzling scale mail
 38662 | Vaults:4 | Identified the +3 scale mail of Melesast {Int+3} (You found
                  | it on level 4 of the Vaults)
 38950 | D:12     | Killed SaintRoka's ghost
 38950 | D:12     | Received a gift from Okawaru
 38956 | D:12     | Got a pair of jewelled gloves {god gift}
 39023 | D:12     | Identified the +1 pair of gloves "Copuen" {rElec rF+
                  | Stlth+} (Okawaru gifted it to you on level 12 of the
                  | Dungeon)
 39173 | Depths:1 | Entered Level 1 of the Depths
 39440 | Depths:1 | Found a one-way gate leading to the halls of Pandemonium.
 39527 | Depths:1 | Found a one-way gate to the infinite horrors of the Abyss.
 39801 | Depths:1 | Reached skill level 15 in Polearms
 39801 | Depths:1 | Reached skill level 15 in Dodging
 39967 | Depths:1 | You fall through a shaft!
 39967 | Depths:2 | Found a gateway to Hell.
 40078 | Depths:2 | Noticed Nikola
 40084 | Depths:2 | Reached skill level 15 in Invocations
 40097 | Depths:2 | Received a gift from Okawaru
 40111 | Depths:2 | Killed Nikola
 40179 | Depths:2 | Got a faintly glowing demon blade {god gift}
 40180 | Depths:2 | Identified the amulet of Hyabiage {Faith Stlth+}
 40297 | Depths:2 | Identified the +2 demon blade of Loip {venom, Str+2 Stlth+}
                  | (Okawaru gifted it to you on level 2 of the Depths)
 40323 | Depths:2 | Paralysed by a floating eye for 3 turns
 40332 | Depths:2 | Paralysed by a floating eye for 2 turns
 40448 | Depths:2 | Reached XP level 22. HP: 173/173 MP: 40/40
 40455 | Depths:2 | Received a gift from Okawaru
 40619 | Depths:2 | Identified the Catalogue of Poison and Flames
 41459 | Depths:2 | Got a faintly glowing pewter ring
 41724 | Depths:2 | Identified the ring of Uskayaw's Vengeance {+Inv MP+9 Str+2
                  | Int+3 SInv Stlth-} (You found it on level 2 of the Depths)
 41748 | Depths:3 | Received a gift from Okawaru
 42348 | Depths:4 | Reached skill level 15 in Fighting
 42348 | Depths:4 | Reached skill level 15 in Throwing
 42569 | Depths:4 | Found the +8 orange crystal plate armour {Archmagi, Int+3
                  | Clar}
 42713 | Depths:4 | Paralysed by a hornet for 1 turns
 42729 | Depths:4 | Paralysed by a lich for 2 turns
 42813 | Depths:4 | Received a gift from Okawaru
 42832 | Depths:4 | HP: 8/175 [titan (28)]
 43169 | Depths:4 | Found a corrupted altar of Lugonu.
 43692 | Depths:4 | Reached XP level 23. HP: 181/181 MP: 41/41
 43717 | Depths:4 | You fall through a shaft!
 43717 | Depths:5 | Entered Level 5 of the Depths
 43717 | Depths:5 | Found a gateway to a ziggurat.
 43717 | Depths:5 | Found a runed translucent door.
 44016 | Depths:4 | Got a smoking lajatang
 44017 | Depths:4 | Identified the +10 lajatang "Vefeir" {flame, Dex+3} (You
                  | found it on level 4 of the Depths)
 44486 | Depths:3 | Noticed Jory
 44530 | Depths:3 | Killed Jory
 44746 | Depths:3 | Received a gift from Okawaru
 44749 | Depths:3 | Got a dazzling crystal plate armour {god gift}
 45031 | Depths:3 | Identified the cursed +3 rapier "Igyareh" {speed, Fragile
                  | rElec rF+++ rC-}
 45398 | Depths:3 | Identified the +5 crystal plate armour of Vyazilup {MR++
                  | Slay+5} (Okawaru gifted it to you on level 3 of the Depths)
 46177 | Depths:4 | Reached skill level 15 in Short Blades
 46177 | Depths:4 | Reached skill level 15 in Long Blades
 46177 | Depths:4 | Reached skill level 15 in Axes
 46177 | Depths:4 | Reached skill level 15 in Maces & Flails
 46177 | Depths:4 | Reached skill level 15 in Staves
 46177 | Depths:4 | Reached skill level 15 in Slings
 46177 | Depths:4 | Reached skill level 15 in Bows
 46177 | Depths:4 | Reached skill level 15 in Crossbows
 46177 | Depths:4 | Reached skill level 15 in Armour
 46177 | Depths:4 | Reached skill level 15 in Stealth
 46177 | Depths:4 | Reached skill level 15 in Shields
 46177 | Depths:4 | Reached skill level 15 in Unarmed Combat
 46177 | Depths:4 | Reached skill level 15 in Spellcasting
 46177 | Depths:4 | Reached skill level 15 in Evocations
 46617 | Depths:5 | Noticed a golden dragon
 46618 | Depths:5 | Found a gate to the Realm of Zot.
 46685 | Depths:4 | Reached XP level 24. HP: 70/190 MP: 42/42
 47001 | Depths:5 | Received a gift from Okawaru
 47072 | Depths:5 | Reached XP level 25. HP: 166/197 MP: 42/42
 47196 | Depths:5 | Noticed Jaofaitz's ghost (adept FoAK)
 47205 | Depths:5 | Noticed Frederick
 47234 | Depths:5 | Killed Frederick
 47991 | Elf:1    | Entered Level 1 of the Elven Halls
 48412 | Elf:1    | Found a runed translucent door.
 48413 | Elf:1    | Found a shimmering altar of Xom.
 48413 | Elf:1    | Noticed Galewind's ghost (adept DEEE)
 48414 | Elf:1    | Identified the cursed +1 glaive of Diet Blood {chaos, rF-
                  | Str+5 Int-3 Dex+4}
 48531 | Elf:1    | Learned a level 3 spell: Spectral Weapon
 48535 | Elf:1    | Learned a level 3 spell: Regeneration
 48853 | Elf:2    | Found Biomithri's Weapon Shop.
 48906 | Elf:2    | Found Qipoac's Magic Scroll Boutique.
 48927 | Elf:2    | Found Pyajew's Book Emporium.
 48958 | Elf:2    | Found a magical portal.
 48975 | WizLab   | Entered The Roulette of Golubria
 48975 | WizLab   | Found a transporter.
 48982 | WizLab   | Found a corrupted altar of Lugonu.
 49066 | WizLab   | Found a transporter.
 49122 | WizLab   | Found a transporter.
 49171 | WizLab   | Found a transporter.
 49213 | WizLab   | Found a corrupted altar of Lugonu.
 49216 | WizLab   | Found a transporter.
 49252 | WizLab   | Found a transporter.
 49252 | WizLab   | Found a transporter.
 49263 | WizLab   | Found a corrupted altar of Lugonu.
 49282 | WizLab   | Found a transporter.
 49462 | WizLab   | Found a transporter.
 49462 | WizLab   | Found a transporter.
 49480 | WizLab   | Received a gift from Okawaru
 49483 | WizLab   | Gained mutation: [You are frail. (-10% HP)] [mutagenic
                  | glow]
 49499 | WizLab   | Identified Hiuno's Papyrus of Orientation
 49534 | WizLab   | Got a brightly glowing cloak
 49537 | WizLab   | Gained mutation: You tend to lose your temper in combat.
                  | [mutagenic glow]
 49555 | WizLab   | Found a transporter.
 49572 | WizLab   | Gained mutation: You occasionally shout uncontrollably at
                  | your foes. [mutagenic glow]
 49601 | WizLab   | Found a transporter.
 49601 | WizLab   | Found a transporter.
 49616 | WizLab   | Identified the Catalogue of the Compass
 49623 | WizLab   | Found a transporter.
 49623 | WizLab   | Found a transporter.
 49645 | WizLab   | Got a fine lapis lazuli ring
 49649 | WizLab   | Identified the ring of the Enemy {+Fly rElec MR+ Dex+5}
                  | (You found it in a wizard's laboratory)
 49650 | WizLab   | Identified the +2 cloak "Kiurph" {*Contam Regen+ Slay+2
                  | SInv} (You found it in a wizard's laboratory)
 49655 | WizLab   | Found a transporter.
 49690 | WizLab   | Found a transporter.
 49690 | WizLab   | Found a transporter.
 49765 | WizLab   | Found a transporter.
 49801 | WizLab   | Found a transporter.
 49931 | Elf:2    | Got a twisted scale mail
 49950 | Elf:2    | Identified the +2 scale mail of Circular Logic {rPois rCorr
                  | Int+2} (You found it on level 2 of the Elven Halls)
 50035 | Elf:2    | Bought a scroll of acquirement for 832 gold pieces
 50036 | Elf:2    | Got a translucent cloak
 50037 | Elf:2    | Identified the +0 cloak "Jotoahidyh" {rElec rC+ rN+} (You
                  | acquired it on level 2 of the Elven Halls)
 50071 | Elf:2    | Found a huge runed translucent gate.
 50071 | Elf:2    | Found a huge runed translucent gate.
 50072 | Elf:2    | Found a huge runed translucent gate.
 50076 | Elf:2    | Found a huge runed translucent gate.
 50079 | Elf:2    | Found a huge runed translucent gate.
 50278 | Elf:2    | Found Soiquob's Weapon Boutique.
 50744 | Elf:2    | Received a gift from Okawaru
 51058 | Elf:3    | Entered Level 3 of the Elven Halls
 51308 | Elf:3    | Received a gift from Okawaru
 51392 | Elf:3    | Cast into level 2 of the Abyss (deep elf death mage)
 51393 | Abyss:2  | Found a corrupted altar of Lugonu.
 51483 | Abyss:2  | Paralysed by accursed screaming for 1 turns
 51500 | Elf:3    | Escaped the Abyss
 51505 | Elf:3    | Reached XP level 26. HP: 121/185 MP: 39/42
 51545 | Elf:3    | Received a gift from Okawaru
 51866 | Swamp:1  | Entered Level 1 of the Swamp
 52549 | Swamp:1  | Received a gift from Okawaru
 53226 | Swamp:2  | Learned a level 5 spell: Aura of Abjuration
 53231 | Swamp:2  | Got a pair of faintly glowing gloves
 53232 | Swamp:2  | Identified the +2 pair of gloves of the Bruised Gods {rN++
                  | Str-2} (You found it on level 2 of the Swamp)
 54174 | Swamp:4  | Entered Level 4 of the Swamp
 54217 | Swamp:4  | Noticed Bai Suzhen
 54258 | Swamp:4  | Killed Bai Suzhen
 54258 | Swamp:4  | Received a gift from Okawaru
 54372 | Swamp:4  | Received a gift from Okawaru
 54395 | Swamp:4  | HP: 7/185 [green death/bolt of poison (12)]
 54940 | Swamp:4  | Learned a level 6 spell: Freezing Cloud
 55044 | Swamp:4  | Noticed Kirke
 55058 | Swamp:4  | Killed Kirke
 55110 | Swamp:4  | Got a decaying rune of Zot
 56160 | Crypt:1  | Entered Level 1 of the Crypt
 56356 | Crypt:1  | Received a gift from Okawaru
 56406 | Crypt:1  | Received a gift from Okawaru
 57473 | Crypt:3  | Entered Level 3 of the Crypt
 57504 | Crypt:3  | Received a gift from Okawaru
 57526 | Crypt:3  | Reached XP level 27. HP: 102/192 MP: 43/43
 57991 | Crypt:3  | Received a gift from Okawaru
 58024 | Crypt:3  | Got a pair of jewelled boots {god gift}
 58025 | Crypt:3  | Identified the +0 pair of boots "Ziudapis" {+Blink MR+
                  | Int-4 Stlth+} (Okawaru gifted it to you on level 3 of the
                  | Crypt)
 58034 | Crypt:3  | Found a basalt altar of Yredelemnul.
 58037 | Crypt:3  | Found an ancient bone altar of Kikubaaqudgha.
 58554 | Crypt:3  | Found a staircase to the Tomb.
 59129 | Elf:3    | Found Erioc's Magic Scroll Emporium.
 59137 | Elf:3    | Bought a scroll of identify for 30 gold pieces
 59137 | Elf:3    | Bought a scroll of identify for 30 gold pieces
 59137 | Elf:3    | Bought a scroll of identify for 30 gold pieces
 59137 | Elf:3    | Bought a scroll of identify for 30 gold pieces
 59137 | Elf:3    | Bought a scroll of teleportation for 45 gold pieces
 59160 | Elf:3    | Identified the +5 glaive of Benevolence {protect, rElec}
 59254 | Elf:3    | Identified the amulet of the Eleven Beggars {Gourm Fragile
                  | MR++ Str+8 Int-4}
 59268 | Elf:3    | Identified the +1 chain mail of the City {-Cast MR+ Stlth+}
 59286 | Elf:3    | Identified the +2 robe of the Jackalope {rF+ Dex+2}
 59914 | Elf:3    | Upgraded the game from 0.24-a0-309-g1095bca to
                  | 0.24-a0-335-g06ca16a
 60277 | Depths:1 | Voluntarily entered the Abyss.
 61041 | Abyss:2  | Received a gift from Okawaru
 61289 | Abyss:3  | Found a corrupted altar of Lugonu.
 61354 | Abyss:3  | Found a glowing golden altar of the Shining One.
 61393 | Abyss:3  | Noticed a juggernaut
 61412 | Abyss:3  | Killed a juggernaut
 61412 | Abyss:3  | Received a gift from Okawaru
 61419 | Abyss:3  | Got an abyssal rune of Zot
 61447 | Abyss:3  | Found a corrupted altar of Lugonu.
 61497 | Depths:1 | Escaped the Abyss
 61631 | Zot:1    | Entered Level 1 of the Realm of Zot
 61785 | Zot:1    | Noticed an orb of fire
 61921 | Zot:1    | Gained mutation: You are agile. (Dex +2) [an orb of fire]
 61938 | Zot:1    | Killed an orb of fire
 61942 | Zot:1    | Received a gift from Okawaru
 62072 | Zot:1    | Received a gift from Okawaru
 62216 | Zot:1    | Reached skill level 15 in Conjurations
 62216 | Zot:1    | Reached skill level 15 in Hexes
 62216 | Zot:1    | Reached skill level 15 in Charms
 62216 | Zot:1    | Reached skill level 15 in Summonings
 62216 | Zot:1    | Reached skill level 15 in Necromancy
 62216 | Zot:1    | Reached skill level 15 in Translocations
 62216 | Zot:1    | Reached skill level 15 in Transmutations
 62216 | Zot:1    | Reached skill level 15 in Fire Magic
 62216 | Zot:1    | Reached skill level 15 in Ice Magic
 62216 | Zot:1    | Reached skill level 15 in Air Magic
 62216 | Zot:1    | Reached skill level 15 in Earth Magic
 62216 | Zot:1    | Reached skill level 15 in Poison Magic
 62555 | Depths:5 | Killed Jaofaitz's ghost
 62563 | Depths:5 | Identified the Compendium of Unstable Cold
 63019 | Vaults:1 | Killed Moutitz's ghost
 63090 | Vaults:1 | Bought a scroll of enchant armour for 277 gold pieces
 63411 | Zot:1    | Noticed an orb of fire
 63601 | Zot:1    | Received a gift from Okawaru
 63794 | Zot:1    | Upgraded the game from 0.24-a0-335-g06ca16a to
                  | 0.24-a0-361-g57161393b2
 63830 | Zot:1    | Killed an orb of fire
 63830 | Zot:1    | Received a gift from Okawaru
 64029 | Zot:1    | Noticed an orb of fire
 64047 | Zot:1    | Killed an orb of fire
 64537 | Zot:1    | Found the ring of the Mage {Wiz MR++ Int+3}
 64730 | Zot:1    | Received a gift from Okawaru
 65029 | Zot:2    | Received a gift from Okawaru
 65140 | Zot:2    | Received a gift from Okawaru
 65380 | Zot:2    | HP: 5/195 [red draconian annihilator/iron shot (53)]
 65920 | Zot:2    | Got a translucent shield {god gift}
 65921 | Zot:2    | Identified the +7 shield of Spite {rF+ rC+} (Okawaru gifted
                  | it to you on level 2 of the Realm of Zot)
 65994 | Zot:3    | Noticed an orb of fire
 66012 | Zot:3    | Killed an orb of fire
 66074 | Zot:3    | Received a gift from Okawaru
 66339 | Zot:3    | Identified the Incunabulum of Necromancy and the Frostbite
 67381 | Zot:4    | Received a gift from Okawaru
 67624 | Zot:4    | Upgraded the game from 0.24-a0-361-g57161393b2 to
                  | 0.24-a0-412-ge138f7edaf
 68116 | Elf:2    | Bought a scroll of enchant armour for 120 gold pieces
 68116 | Elf:2    | Bought a scroll of enchant armour for 120 gold pieces
 68116 | Elf:2    | Bought a scroll of identify for 32 gold pieces
 68116 | Elf:2    | Bought a scroll of identify for 32 gold pieces
 68310 | Vaults:1 | Bought a scroll of identify for 74 gold pieces
 68686 | Elf:1    | Killed Galewind's ghost
 68958 | Vaults:5 | Entered Level 5 of the Vaults
 69275 | Vaults:5 | Received a gift from Okawaru
 69406 | Vaults:5 | Received a gift from Okawaru
 69423 | Vaults:5 | Noticed an ancient lich
 69442 | Vaults:5 | Killed an ancient lich
 69448 | Vaults:5 | Received a gift from Okawaru
 69487 | Vaults:5 | Identified the +7 plate armour "Siroloc" {rPois MR++ Int-5}
 69564 | Vaults:5 | Got an ichor-stained fustibalus {god gift}
 69565 | Vaults:5 | Identified the +5 fustibalus of Tenacity {speed, Fragile
                  | rF- rC+++ Str+5} (Okawaru gifted it to you on level 5 of
                  | the Vaults)
 69738 | Vaults:5 | Got a transparent ring mail
 69739 | Vaults:5 | Identified the +7 ring mail "Mymu" {Dex+4} (You found it on
                  | level 5 of the Vaults)
 69756 | Vaults:5 | Noticed an ancient lich
 69768 | Vaults:5 | Killed an ancient lich
 69964 | Vaults:5 | Received a gift from Okawaru
 70142 | Vaults:5 | Received a gift from Okawaru
 70224 | Vaults:5 | Identified the cursed +3 war axe "Nopacugg" {pain, +Inv rF-
                  | MR++}
 70309 | Vaults:5 | Got a silver rune of Zot
 70430 | Vaults:5 | Noticed an ancient lich
 70439 | Vaults:5 | Killed an ancient lich
 71117 | Hell     | Entered the Vestibule of Hell
 71117 | Hell     | Noticed Geryon
 71188 | Hell     | Killed Geryon
 71260 | Hell     | Noticed an ancient lich
 71307 | Hell     | Killed an ancient lich
 71367 | Hell     | Found a gateway to the decaying netherworld of Tartarus.
 71431 | Hell     | Found a gateway to the ashen valley of Gehenna.
 71686 | Hell     | Found a gateway to the freezing wastes of Cocytus.
 71834 | Hell     | Found a gateway to the Iron City of Dis.
 71939 | Tar:1    | Entered Level 1 of Tartarus
 72127 | Tar:1    | Received a gift from Okawaru
 72306 | Tar:1    | Received a gift from Okawaru
 72541 | Tar:1    | Received a gift from Okawaru
 73598 | Pan      | Entered Pandemonium
 73648 | Pan      | Gained mutation: [You are weak. (Str -2)] [a neqoxec]
 73690 | Pan      | Noticed Lentarau the pandemonium lord
 73715 | Pan      | Killed Lentarau the pandemonium lord
 73715 | Pan      | Received a gift from Okawaru
 74404 | Pan      | Gained mutation: You are occasionally teleported next to
                  | monsters. [a neqoxec]
 74488 | Pan      | Entered the realm of Cerebov.
 75002 | Pan      | HP: 7/199 [Brimstone Fiend (5)]
 75126 | Pan      | Identified the ring "Irphyusch" {rElec rF+++ Dex+6 Slay-4}
 75274 | Pan      | Identified the +7 war axe "Spiderbane" {chop, +Rage rF++
                  | Dex-2}
 75758 | Pan      | Got a smoking golden amulet
 75759 | Pan      | Identified the amulet of Wutow {Inacc rN+} (You found it in
                  | Pandemonium)
 75833 | Pan      | Received a gift from Okawaru
 76027 | Pan      | Identified the +6 sword of Cerebov {flame}
 76027 | Pan      | Noticed Cerebov
 76353 | Pan      | Identified the +5 spear "Ihurr" {pierce, Stlth+}
 76461 | Pan      | Killed Cerebov
 76500 | Pan      | Identified the Collected Works on Good Luck
 76572 | Pan      | Got a fiery rune of Zot
 76757 | Pan      | Identified the Volume of the Thirsty Stories
 76903 | Pan      | Noticed Enirom the pandemonium lord
 76917 | Pan      | Killed Enirom the pandemonium lord
 77602 | Pan      | Gained mutation: Your spells are a little easier to cast,
                  | but a little less powerful. [a cacodemon]
 77688 | Pan      | Found an exit through the horrors of the Abyss.
 78124 | Pan      | Found a huge runed translucent gate.
 78125 | Pan      | Found a huge runed translucent gate.
 78126 | Pan      | Found a huge runed translucent gate.
 78126 | Pan      | Found a huge runed translucent gate.
 78126 | Pan      | Found a huge runed translucent gate.
 78126 | Pan      | Found a huge runed translucent gate.
 78127 | Pan      | Found a huge runed translucent gate.
 78127 | Pan      | Found a huge runed translucent gate.
 78127 | Pan      | Found a huge runed translucent gate.
 78127 | Pan      | Found a huge runed translucent gate.
 78127 | Pan      | Found a huge runed translucent gate.
 78127 | Pan      | Found a huge runed translucent gate.
 78127 | Pan      | Found a huge runed translucent gate.
 78128 | Pan      | Found a huge runed translucent gate.
 78128 | Pan      | Noticed Birir the pandemonium lord
 78129 | Pan      | Found a huge runed translucent gate.
 78130 | Pan      | Found a huge runed translucent gate.
 78130 | Pan      | Found a huge runed translucent gate.
 78140 | Pan      | Gained mutation: You have a pair of small antennae on your
                  | head. [a cacodemon]
 78145 | Pan      | Gained mutation: Your spells are easier to cast, but less
                  | powerful. [a cacodemon]
 78299 | Pan      | Gained mutation: [You are very frail. (-20% HP)] [a
                  | cacodemon]
 78305 | Pan      | Received a gift from Okawaru
 78332 | Pan      | Killed Birir the pandemonium lord
 78357 | Pan      | Got a pair of ichor-stained gloves {god gift}
 78358 | Pan      | Identified the +2 pair of gloves of the Gloaming {rCorr}
                  | (Okawaru gifted it to you in Pandemonium)
 78479 | Pan      | Identified the Almanac of Unstable Sinister Rituals
 78601 | Pan      | Gained mutation: You often lose your temper in combat. [a
                  | cacodemon]
 78773 | Pan      | Found an exit through the horrors of the Abyss.
 78895 | Pan      | Noticed Luibbeta the pandemonium lord
 78921 | Pan      | Killed Luibbeta the pandemonium lord
 78961 | Pan      | Killed from afar by a Hell Sentinel

Levels and vault maps discovered:
D:1:      elethiomel_arrival_quiet, layout_basic
D:2:      kennysheep_the_goblin_king, layout_loops_ring
D:3:      layout_basic, first_ration
D:4:      layout_gridville, minmay_gold_behind_fungi, uniq_menkaure
D:5:      layout_basic, serial_shops, kennysheep_mini
D:6:      layout_basic, minmay_temple_entry_purple_smoke, basic_altar
D:7:      layout_loops_corners, gup_ossuary_entry_pyramid
D:8:      layout_basic, grunt_temple_overflow_open, grunt_livestock,
          uniq_prince_ribbit1
D:9:      layout_rooms, biasface_ghost_orc_armoury, basic_altar
D:10:     cheibrodos_barr_body, layout_loops_cross,
          grunt_lair_entry_orc_guard_hut, minivault_27
D:11:     layout_loops_ring, nicolae_qazlal_style_of_elements
D:12:     layout_long_grid, gammafunk_ghost_hive
D:13:     layout_rooms, lightli_vaults_fourway_checkpoint,
          lightli_fourway_metalbox, uniq_snorg
D:14:     layout_stronghold
D:15:     grunt_enter_depths_magical_seal, layout_basic,
          portal_ice_cave_entry_imps, hangedman_abyss_or_decor_stagger,
          lightli_corner_chamber
Temple:   regret_index_temple_generic_petals
Lair:1:   minmay_guarded_unrand_snakebite, layout_cave_pods, st_stairs_11
Lair:2:   layout_cave_pods
Lair:3:   wad_woods_04, layout_regular_city, minmay_snake_entry_six_corridors,
          st_stairs_6, roderic_batcave, grunt_forest_stairs_clearing
Lair:4:   nzn_motion_control, layout_cave_pods,
          nicolae_swamp_entry_splash_gauntlet, beast_lair_carwin_8,
          infiniplex_staircase_pool
Lair:5:   layout_gridlike, slime_altar_1, st_stairs_8, roderic_carrion_pond
Lair:6:   minmay_lair_end_enchanted_forest, layout_gridlike,
          minmay_lindwurm_lava, grunt_megastairs_5
Swamp:1:  layout_basic_swamp, evilmike_swamp_ruin_house_5
Swamp:2:  layout_falls_marsh, nicolae_swamp_round_clearing, swamp_pool2
Swamp:3:  layout_basic_swamp, serial_swamp_ruin, evilmike_swamp_ruin_rubble_1,
          evilmike_swamp_ruin_house_1, evilmike_swamp_ruin_house_2
Swamp:4:  swamp_vile, layout_basic_swamp, uniq_kirke, uniq_bai_suzhen
Snake:1:  layout_gridlike, serial_bayou_shore_a
Snake:2:  layout_gridlike, grunt_ministairs_6, st_stairs_5, minmay_shop_grove,
          uniq_aizul, uniq_jorgrun
Snake:3:  layout_cave_shapes, drop_trap, hangedman_venom_bottle
Snake:4:  grunt_snake_rune_spirals, layout_onion, serial_shops, shop_fountains,
          basic_altar, grunt_ministairs_15, drop_trap, uniq_vashnia
Orc:1:    layout_caves, uniq_maurice, uniq_nergalle
Orc:2:    grunt_orc_gardens, layout_diamond_mine, grunt_orc_garden,
          grunt_orc_garden, grunt_orc_garden, grunt_orc_garden, basic_altar
Elf:1:    elf_arrival_001, layout_gridlike, ebering_ghost_xom,
          hangedman_elven_crosses_minicolossus
Elf:2:    layout_geoelf_octagon, infiniplex_enter_wizlab_water, serial_shops,
          shop, nicolae_shop_crystal, nicolae_shop_crystal,
          nicolae_shop_crystal, corexii_checkpoint_a,
          small_chamber_with_monster, evilmike_minifort
Elf:3:    grunt_elf_hall_asides, layout_onion_city, serial_shops,
          nicolae_shop_stone
Vaults:1: ebering_vaults_ghost_gozag, st_cells, vaults_dpeg_doors,
          ontoclasm_vaults_misaligned, ontoclasm_vaults_pinch,
          ontoclasm_vaults_idyll, vaults_room_boxed, nicolae_vaults_big_ls,
          hangedman_vaults_slice, vaults_room_door_hall, v_misc_24,
          ontoclasm_vaults_spin, vaults_room_semicircle, layout_vaults_ring,
          serial_shops, shop
Vaults:2: nicolae_vaults_network_quinsquares
          [nicolae_vaults_network_quincunx_subvault,
          nicolae_vaults_network_quincunx_subvault,
          nicolae_vaults_network_quincunx_subvault,
          nicolae_vaults_network_quincunx_subvault], v_alt_pattern_5,
          vaults_room_door_hall, hangedman_vaults_corner_blocks, v_misc_4,
          grunt_vaults_funnel, hangedman_vaults_trim,
          nicolae_vaults_shelves_hall, layout_vaults_big_room
Vaults:3: ontoclasm_vaults_ligature, minmay_crypt_entry_simple_round, v_misc_2,
          nicolae_vaults_little_squares_4, st_smaller_cells,
          ontoclasm_vaults_eye, layout_vaults_omnigrid, serial_shops, shop
Vaults:4: nicolae_vaults_network_star, v_misc_27, st_greater_box_5,
          nicolae_vaults_angled_halls, vaults_room_pool, v_rooms_1,
          nicolae_vaults_angled_halls, v_pattern_3, ontoclasm_vaults_ring_small,
          serial_ice_m, v_misc_16, v_misc_14, hangedman_vaults_corner_blocks,
          nicolae_vaults_little_squares_4, layout_vaults_maze
Vaults:5
Crypt:1:  layout_rooms, grunt_ministairs_5, grunt_crypt_arrival_webbed,
          grunt_megastairs_2
Crypt:2:  layout_gridlike
Crypt:3:  lightli_unholy_cathedral, layout_chaotic_city,
          tomb_entry_pyramid_bobbens
Depths:1: layout_roguey, rand_demon_pan_entry_3, minmay_tree_intersection,
          grunt_hell_entry_dis_mu, abyss_entry_crystal,
          hangedman_abyss_or_decor_lesser_grid, feat_on_display
Depths:2: minmay_the_grid_octo_tiled_octocenter [minmay_the_grid_octo_empty,
          minmay_the_grid_octo_77, minmay_the_grid_octo_empty,
          minmay_the_grid_octo_pinwheel, minmay_the_grid_octo_prize_star,
          minmay_the_grid_square_5x5_comb,
          minmay_the_grid_square_5x5_almost_minimal,
          minmay_the_grid_square_5x5_slash, minmay_the_grid_square_5x5_n],
          layout_cave_pools, hell_entry, minmay_misc_feat_four_crosses,
          uniq_nikola
Depths:3: lemuel_river_lethe, abyss_entry, hell_entry, pan_entry, uniq_jory
Depths:4: grunt_house_of_mirrors, layout_basic, hangedman_coc_ice_floe,
          chequers_serial_rivers_small_3, abyss_entry_flame_altar,
          hangedman_abyss_or_decor_slice, fake_guardian_serpent_vault,
          grunt_megastairs_4
Depths:5: grunt_crosshair, layout_cave_pools, enter_ziggurat_e, hell_entry,
          abyss_entry_small_statue_room, ebering_ghost_reflecting_pool,
          minmay_misc_feat_encased, uniq_frederick
Hell
Tar:1:    layout_grid_maze
Tar:2:    layout_catacombs
Zot:1:    gammafunk_mikee_crab_dinner, layout_twisted_circle,
          hangedman_elemental_grid_stream
Zot:2:    layout_gridlike
Zot:3:    layout_gridville, hangedman_elemental_corridor
Zot:4:    layout_onion_interference
Pan:      grunt_pan_in_and_out, layout_rooms, nicolae_pan_cerebovesque_3

Skill      XL: |  1  2  3  4  5  6  7  8  9 10 11 12 13 14 15 16 17 18 19 20 21 22 23 24 25 26 27 |
---------------+----------------------------------------------------------------------------------+-----
Invocations    | 1 2 3 4 5 6 7 8 9 10 11 12 13 14 15 16 17 21 | 21.5
Short Blades   | 1 2 3 4 5 6 7 8 9 10 11 12 13 14 15 16 20 | 20.0
Long Blades    | 1 2 3 4 5 6 7 8 9 10 11 12 13 14 15 16 20 | 20.0
Axes           | 1 2 3 4 5 6 7 8 9 10 11 12 13 14 15 16 20 | 20.0
Maces & Flails | 1 2 3 4 5 6 7 8 9 10 11 12 13 14 15 16 20 | 20.0
Staves         | 1 2 3 4 5 6 7 8 9 10 11 12 13 14 15 16 20 | 20.0
Slings         | 1 2 3 4 5 6 7 8 9 10 11 12 13 14 15 16 20 | 20.0
Bows           | 1 2 3 4 5 6 7 8 9 10 11 12 13 14 15 16 20 | 20.5
Crossbows      | 1 2 3 4 5 6 7 8 9 10 11 12 13 14 15 16 20 | 20.0
Armour         | 1 2 3 4 5 6 7 8 9 10 11 12 13 14 15 16 20 | 20.0
Stealth        | 1 2 3 4 5 6 7 8 9 10 11 12 13 14 15 16 20 | 20.0
Shields        | 1 2 3 4 5 6 7 8 9 10 11 12 13 14 15 16 20 | 20.0
Unarmed Combat | 1 2 3 4 5 6 7 8 9 10 11 12 13 14 15 16 20 | 20.0
Spellcasting   | 1 2 3 4 5 6 7 8 9 10 11 12 13 14 15 16 20 | 20.0
Evocations     | 1 2 3 4 5 6 7 8 9 10 11 12 13 14 15 16 20 | 20.0
Conjurations   | 1 2 3 4 5 6 7 8 9 10 11 12 13 14 17 | 17.3
Hexes          | 1 2 3 4 5 6 7 8 9 10 11 12 13 14 17 | 17.3
Charms         | 1 2 3 4 5 6 7 8 9 10 11 12 13 14 17 | 17.3
Summonings     | 1 2 3 4 5 6 7 8 9 10 11 12 13 14 17 | 17.3
Necromancy     | 1 2 3 4 5 6 7 8 9 10 11 12 13 14 17 | 17.3
Translocations | 1 2 3 4 5 6 7 8 9 10 11 12 13 14 17 | 17.3
Transmutations | 1 2 3 4 5 6 7 8 9 10 11 12 13 14 17 | 17.3
Fire Magic     | 1 2 3 4 5 6 7 8 9 10 11 12 13 14 17 | 17.3
Ice Magic      | 1 2 3 4 5 6 7 8 9 10 11 12 13 14 17 | 17.3
Air Magic      | 1 2 3 4 5 6 7 8 9 10 11 12 13 14 17 | 17.3
Earth Magic    | 1 2 3 4 5 6 7 8 9 10 11 12 13 14 17 | 17.3
Poison Magic   | 1 2 3 4 5 6 7 8 9 10 11 12 13 14 17 | 17.3
Fighting       | 5 6 7 8 9 10 11 12 13 14 15 16 17 20 | 20.8
Throwing       | 5 6 7 8 9 10 11 12 13 14 15 16 17 20 | 20.4
Polearms       | 7 8 9 10 11 12 13 14 15 16 17 21 | 21.1
Dodging        | 7 8 9 10 11 12 13 14 15 16 17 20 | 20.7

Action                   |  1- 3 |  4- 6 |  7- 9 | 10-12 | 13-15 | 16-18 | 19-21 | 22-24 | 25-27 || total
-------------------------+-------+-------+-------+-------+-------+-------+-------+-------+-------++-------
Melee: Trident           |    84 |   196 |   182 |  1086 |       |       |       |       |       ||  1548
       Bite              |     4 |    24 |    50 |   191 |   300 |   348 |   437 |   346 |  1141 ||  2841
       Punch             |       |     1 |    10 |     4 |       |       |       |       |       ||    15
       Whip              |       |    18 |   199 |   143 |   305 |       |       |       |       ||   665
       Demon trident     |       |       |       |       |  1712 |  2783 |  2933 |  2222 |  7202 || 16852
Throw: Dart              |       |       |     4 |     5 |    20 |     2 |       |       |       ||    31
       Javelin           |       |       |       |       |       |       |       |     2 |     3 ||     5
 Cast: Call Canine Famil |       |       |       |     4 |    15 |    14 |     3 |       |    11 ||    47
       Silence           |       |       |       |       |       |     3 |     3 |       |     1 ||     7
       Blink             |       |       |       |       |       |     1 |       |     1 |     6 ||     8
       Deflect Missiles  |       |       |       |       |       |     1 |       |       |     9 ||    10
       Spectral Weapon   |       |       |       |       |       |       |       |       |   258 ||   258
       Regeneration      |       |       |       |       |       |       |       |       |    28 ||    28
       Freezing Cloud    |       |       |       |       |       |       |       |       |    23 ||    23
       Aura of Abjuratio |       |       |       |       |       |       |       |       |     9 ||     9
       Summon Butterflie |       |       |       |       |       |       |       |       |     3 ||     3
Invok: Heroism           |       |       |     2 |    12 |    11 |    18 |    12 |    15 |    42 ||   112
       Finesse           |       |       |       |       |     1 |     7 |     2 |     6 |    21 ||    37
 Abil: Evoke Flight      |       |       |       |       |       |       |       |       |     6 ||     6
       Stop Flying       |       |       |       |       |       |       |       |       |     1 ||     1
Evoke: Wand              |       |       |     2 |     5 |     4 |       |       |     3 |     1 ||    15
       Lamp of fire      |       |       |       |       |       |       |     1 |       |     1 ||     2
  Use: Potion            |       |       |       |     3 |       |       |       |     2 |    11 ||    16
       Scroll            |       |       |       |    18 |    20 |     6 |     6 |     9 |    32 ||    91
 Stab: Sleeping          |     9 |     8 |     5 |    21 |    38 |    35 |    57 |    11 |    22 ||   206
       Distracted        |       |       |     1 |     4 |     7 |     8 |     5 |    12 |   144 ||   181
       Paralysed         |       |       |       |       |     6 |       |       |       |       ||     6
       Petrified         |       |       |       |       |     3 |       |     2 |       |       ||     5
       Petrifying        |       |       |       |       |       |       |     4 |       |       ||     4
       Confused          |       |       |       |       |       |       |       |       |     9 ||     9
  Eat: Chunk             |       |     5 |     9 |    22 |    30 |    13 |    25 |    12 |    48 ||   164
       Ration            |       |       |     1 |     2 |     2 |     7 |     1 |     4 |    20 ||    37
Armor: Leather armour    |     8 |    22 |    61 |   168 |   195 |   146 |   120 |       |       ||   720
       Robe              |       |       |       |       |       |     5 |       |       |       ||     5
       Scale mail        |       |       |       |       |       |       |    90 |   239 |    13 ||   342
       Crystal plate arm |       |       |       |       |       |       |       |       |   814 ||   814
       Swamp dragon scal |       |       |       |       |       |       |       |       |     4 ||     4
       Gold dragon scale |       |       |       |       |       |       |       |       |   210 ||   210
       Fire dragon scale |       |       |       |       |       |       |       |       |    20 ||    20
Dodge: Dodged            |    39 |   116 |   242 |   510 |  1042 |  1323 |  1061 |   839 |  1732 ||  6904
       Deflected         |       |       |       |       |       |     4 |       |       |    62 ||    66
Block: Shield            |       |       |       |   391 |   917 |  1286 |   214 |       |  1857 ||  4665
       Large shield      |       |       |       |       |       |       |  1496 |  1495 |  3639 ||  6630
       Reflection        |       |       |       |       |       |       |       |       |   174 ||   174

Table legend:
 A = Non-vault XP
 B = Vault XP
 C = Vault XP percentage of total XP
 D = Non-vault monster count
 E = Vault monster count
 F = Vault count percentage of total count
                 A         B        C        D         E       F
            +---------+---------+-------+---------+---------+-------
      Total | 1242604 |  961373 |  43.6 |    2089 |    1221 |  36.9
            +---------+---------+-------+---------+---------+-------
        D:1 |      58 |       0 |   0.0 |      28 |       0 |   0.0
        D:2 |      63 |      49 |  43.8 |      21 |       7 |  25.0
        D:3 |     267 |       0 |   0.0 |      34 |       0 |   0.0
        D:4 |     201 |     165 |  45.1 |      10 |       1 |   9.1
        D:5 |     737 |       0 |   0.0 |      22 |       0 |   0.0
        D:6 |    2220 |       0 |   0.0 |      30 |       0 |   0.0
        D:7 |    1184 |      18 |   1.5 |      22 |       1 |   4.3
        D:8 |    1144 |    1256 |  52.3 |      13 |       6 |  31.6
        D:9 |    3278 |    1507 |  31.5 |      36 |      13 |  26.5
       D:10 |    3623 |    2487 |  40.7 |      19 |      16 |  45.7
       D:11 |    4352 |       0 |   0.0 |      42 |       0 |   0.0
       D:12 |    8680 |    2813 |  24.5 |      45 |      10 |  18.2
       D:13 |    3935 |    8554 |  68.5 |      15 |      17 |  53.1
       D:14 |   16147 |       0 |   0.0 |      49 |       0 |   0.0
       D:15 |   12302 |   10043 |  44.9 |      32 |      27 |  45.8
     Lair:1 |    2266 |    3555 |  61.1 |      11 |      17 |  60.7
     Lair:2 |    6738 |     773 |  10.3 |      23 |       4 |  14.8
     Lair:3 |    2665 |    2846 |  51.6 |      13 |      27 |  67.5
     Lair:4 |    4184 |    5313 |  55.9 |      23 |      16 |  41.0
     Lair:5 |    6095 |    2881 |  32.1 |      20 |      13 |  39.4
     Lair:6 |   14336 |    9624 |  40.2 |      40 |      54 |  57.4
    Swamp:1 |   11874 |       0 |   0.0 |      40 |       0 |   0.0
    Swamp:2 |    9274 |       0 |   0.0 |      25 |       0 |   0.0
    Swamp:3 |    8983 |       0 |   0.0 |      30 |       0 |   0.0
    Swamp:4 |    9245 |   27401 |  74.8 |      28 |      31 |  52.5
    Snake:1 |   12415 |       0 |   0.0 |      29 |       0 |   0.0
    Snake:2 |   15466 |    8717 |  36.0 |      26 |       7 |  21.2
    Snake:3 |   17284 |    5789 |  25.1 |      33 |      20 |  37.7
    Snake:4 |   29786 |   61178 |  67.3 |      64 |      94 |  59.5
      Orc:1 |    3503 |    1265 |  26.5 |      25 |       2 |   7.4
      Orc:2 |    5335 |    9712 |  64.5 |      32 |      27 |  45.8
      Elf:1 |   14433 |   14967 |  50.9 |      24 |      21 |  46.7
      Elf:2 |   12373 |   35576 |  74.2 |      21 |      50 |  70.4
      Elf:3 |   25094 |   44296 |  63.8 |      39 |      29 |  42.6
   Vaults:1 |   26443 |   33814 |  56.1 |      43 |      45 |  51.1
   Vaults:2 |   23851 |   18504 |  43.7 |      52 |      33 |  38.8
   Vaults:3 |   10414 |   17435 |  62.6 |      18 |      21 |  53.8
   Vaults:4 |   19615 |   54793 |  73.6 |      44 |      52 |  54.2
   Vaults:5 |   22098 |  121463 |  84.6 |      33 |      82 |  71.3
    Crypt:1 |   17300 |   15792 |  47.7 |      34 |      17 |  33.3
    Crypt:2 |   35779 |       0 |   0.0 |      51 |       0 |   0.0
    Crypt:3 |   35322 |   48621 |  57.9 |      47 |      41 |  46.6
   Depths:1 |   43033 |      79 |   0.2 |      55 |       2 |   3.5
   Depths:2 |   34892 |   34025 |  49.4 |      35 |      27 |  43.5
   Depths:3 |    1537 |   61858 |  97.6 |       1 |     109 |  99.1
   Depths:4 |   53045 |   48094 |  47.6 |      53 |      35 |  39.8
   Depths:5 |   41688 |   35440 |  45.9 |      40 |      17 |  29.8
       Hell |   17105 |   36856 |  68.3 |      30 |      55 |  64.7
      Tar:1 |   58317 |       0 |   0.0 |      91 |       0 |   0.0
      Tar:2 |    2835 |       0 |   0.0 |       8 |       0 |   0.0
      Zot:1 |  120264 |   35331 |  22.7 |      75 |      20 |  21.1
      Zot:2 |   82445 |       0 |   0.0 |      54 |       0 |   0.0
      Zot:3 |   54193 |    5787 |   9.6 |      26 |       6 |  18.8
      Zot:4 |   81327 |       0 |   0.0 |      46 |       0 |   0.0
    Abyss:1 |      27 |       0 |   0.0 |       1 |       0 |   0.0
    Abyss:2 |   23708 |       0 |   0.0 |      61 |       0 |   0.0
    Abyss:3 |    3994 |   14855 |  78.8 |       8 |       8 |  50.0
        Pan |  163832 |   96217 |  37.0 |     219 |      59 |  21.2
    Ossuary |       0 |     235 | 100.0 |       0 |      27 | 100.0
      IceCv |       0 |    3212 | 100.0 |       0 |      17 | 100.0
     WizLab |       0 |   18177 | 100.0 |       0 |      38 | 100.0
            +---------+---------+-------+---------+---------+-------
